 Dungeon Crawl Stone Soup version 0.26-a0-259-g1effd001a9 (webtiles) character file.

Game seed: 2781525673334957708

3 Klosterheim the Conjurer (level 1, -3/7 HPs)
             Began as a Felid Conjurer on July 28, 2020.
             Killed from afar by a dart slug (5 damage)
             ... with a slug dart
             ... on level 1 of the Dungeon.
             The game lasted 00:00:28 (204 turns).

Klosterheim the Conjurer (Felid Conjurer)            Turns: 204, Time: 00:00:29

Health: -3/7       AC:  1    Str:  3    XL:     1   Next: 41%
Magic:  1/4        EV: 17    Int: 19    God:
Gold:   0          SH:  0    Dex: 14    Spells: 3/4 levels left
                                        Lives:  0   Deaths: 0

rFire    . . .     SeeInvis +   (weapon unavailable)
rCold    . . .     Faith    .   (shield unavailable)
rNeg     . . .     Spirit   .   (armour unavailable)
rPois    .         Reflect  .   (helmet unavailable)
rElec    .         Harm     .   (cloak unavailable)
rCorr    .                      (gloves unavailable)
MR       .....                  (boots unavailable)
Stlth    +++.......             (no amulet)
HPRegen  0.02/turn              (no ring)
MPRegen  0.09/turn              (no ring)

@: quick
A: very small, no armour, no weapons or thrown items, stealth, claws 1, fangs 3,
see invisible, speed 1, shaggy fur 1, slow metabolism 1, sharp paws
a: no special abilities


You were on level 1 of the Dungeon.
You were not hungry.

You visited 1 branch of the dungeon, and saw 1 of its levels.

Inventory:

Potions
 a - 2 potions of heal wounds {unknown}
Comestibles
 b - 2 rations


   Skills:
 + Level 2.7 Dodging
 + Level 2.7 Stealth
 + Level 2.0 Spellcasting
 + Level 3.7 Conjurations


You had 3 spell levels left.
You knew the following spells:

 Your Spells              Type           Power        Failure   Level
a - Magic Dart            Conj           ###.         3%          1

Your spell library contained the following spells:

 Spells                   Type           Power        Failure   Level
 Searing Ray              Conj           ###...       5%          2
 Dazzling Flash           Conj/Hex       #.....       24%         3
 Fulminant Prism          Conj/Hex       #.........   61%         4
 Iskenderun's Mystic Bla  Conj/Tloc      #.......     61%         4


Dungeon Overview and Level Annotations

Branches:
Dungeon (1/15)

Altars:


Innate Abilities, Weirdness & Mutations

You cannot wear armour.
You are incapable of wielding weapons or throwing items.
Your paws allow you to move quietly. (Stealth)
You have sharp claws.
You have razor-sharp teeth.
You have supernaturally acute eyesight. (SInv)
You cover ground quickly.
You are covered in fur. (AC +1)
You have a slow metabolism.
Your sharp claws are effective at attacking unaware monsters.


Message History

Aiming: Magic Dart (safe; 3% risk of failure)
Press: ? - help, Shift-Dir - straight line, f/p - dart slug
Aim: a dart slug (moderately wounded)
The magic dart hits the dart slug.
The dart slug is severely wounded.
The dart slug launches a dart at you. The slug dart hits you.
Ouch! That really hurt!
* * * LOW HITPOINT WARNING * * *
Casting: Magic Dart (safe; 3% risk of failure)
Confirm with . or Enter, or press ? or * to list all spells.
Aiming: Magic Dart (safe; 3% risk of failure)
Press: ? - help, Shift-Dir - straight line, f/p - dart slug
Aim: a dart slug (severely wounded)
The magic dart hits the dart slug.
The dart slug is almost dead.
The dart slug launches a dart at you. The slug dart hits you.
Ouch! That really hurt!
You die...

.#.#.#.#.. #
........ #.
.#.#.#. # #..
..... ##.. ..
...w ....#
#.##.#..##..#..
..............#
.......@.#
##.#.###.# #.#
#.# #.# #.#...
.# #.#.# #.#..#
# #.# #.#.#
#.#..#......
#.#.#
#.#..#.#.#..
#.#.#
#.#........
#.#.#
#.#..#.#.##


You could see a dart slug.

Vanquished Creatures
  A dart slug (D:1)
  A frilled lizard (D:1)
2 creatures vanquished.

Notes
Turn   | Place    | Note
-------+----------+-------------------------------------------
     0 | D:1      | Klosterheim the Felid Conjurer began the quest for the Orb.
     0 | D:1      | Reached XP level 1. HP: 7/7 MP: 4/4
   204 | D:1      | Killed from afar by a dart slug

Illustrated notes

Levels and vault maps discovered:
D:1:      dpeg_arrival_rooms_c, layout_basic, serial_glass, glass_columns_c,
          glass_columns_a, glass_columns_c, glass_columns_c, glass_columns_a,
          glass_columns_c

Action                   || total
-------------------------++-------
 Cast: Magic Dart        ||     8
Dodge: Dodged            ||     1

Table legend:
 A = Non-vault XP
 B = Vault XP
 C = Vault XP percentage of total XP
 D = Non-vault monster count
 E = Vault monster count
 F = Vault count percentage of total count
                 A         B        C        D         E       F
            +---------+---------+-------+---------+---------+-------
      Total |       5 |       0 |   0.0 |       2 |       0 |   0.0
            +---------+---------+-------+---------+---------+-------
        D:1 |       5 |       0 |   0.0 |       2 |       0 |   0.0
            +---------+---------+-------+---------+---------+-------
